 Dungeon Crawl Stone Soup version 0.31-a0-544-gceb718ecc6 (webtiles) character file.

Game seed: 1658559899183479385

440 Shayle the Trooper (level 7, 0/71 HPs)
             Began as an Ogre Shapeshifter on Aug 16, 2023.
             Slain by Dowan
             ... wielding a +0 dagger
              (6 damage)
             ... on level 4 of the Dungeon.
             The game lasted 00:07:46 (3232 turns).

Shayle the Trooper (Ogre Shapeshifter)              Turns: 3232, Time: 00:07:47

Health: 0/71       AC:  3    Str: 20    XL:     7   Next: 2%
Magic:  7/7        EV: 10    Int: 11    God:
Gold:   151        SH:  0    Dex:  9    Spells: 6/6 levels left

rFire   . . .        u - +11 mace of Guel {venom, rCorr Stlth+}
rCold   . . .        (no shield)
rNeg    . . .        a - +0 animal skin
rPois   .            (helmet currently unavailable)
rElec   .            (cloak currently unavailable)
rCorr   +            (gloves unavailable)
SInv    .            (boots unavailable)
Will    .....        (no amulet)
Stlth   ++           (no ring)
HPRegen 0.31/turn    (no ring)
MPRegen 0.10/turn

%: no passive effects
@: beast-form
A: beast (slay +2), large, unfitting armour, tough skin 1
a: Begin Untransformation


You were on level 4 of the Dungeon.
You were a hulking beast.
You visited 1 branch of the dungeon, and saw 4 of its levels.

You collected 181 gold pieces.
You spent 30 gold pieces at shops.

Inventory:

Hand Weapons
 b - a +2 whip of flaming
 u - the +11 mace of Guel (weapon) {venom, rCorr Stlth+}
   (You found it on level 4 of the Dungeon)

   rCorr:     It protects you from acid and corrosion.
   Stlth+:    It makes you more stealthy.
Armour
 a - a +0 animal skin (worn)
 s - a +0 cloak
 x - a +0 kite shield
Talismans
 c - a beast talisman (active)
 d - a flux talisman
Wands
 o - a wand of flame (17)
Scrolls
 f - 5 scrolls of identify {unknown}
 h - a scroll of silence {unknown}
 i - 3 scrolls of fog {unknown}
 j - 2 scrolls of amnesia {unknown}
 k - a scroll of immolation {unknown}
 l - a scroll of summoning {unknown}
 m - a scroll of acquirement {unknown}
 n - a scroll of brand weapon {unknown}
 v - 2 scrolls of poison {unknown}
 w - a scroll of blinking {unknown}
 y - a scroll of revelation {unknown}
Potions
 e - a potion of invisibility {unknown}
 g - a potion of magic {unknown}
 p - a potion of enlightenment {unknown}
 q - a potion of degeneration {unknown}
 r - 3 potions of curing {unknown}
 t - a potion of attraction {unknown}


   Skills:
 + Level 4.5 Fighting
 + Level 3.5 Dodging
 + Level 1.2 Shields
 + Level 4.1 Unarmed Combat
 + Level 4.1 Shapeshifting


You had 6 spell levels left.
You didn't know any spells.
Your spell library contained the following spells:

 Spells                   Type           Power      Damage    Failure   Level
 Apportation              Tloc           0%         N/A       34%         1
 Necrotise                Necr           0%         1d4       34%         1
 Summon Small Mammal      Summ           0%         N/A       34%         1
 Cigotuvi's Dreadful Rot  Necr/Pois/Air  0%         N/A       47%         2
 Ignite Poison            Fire/Tmut/Pois 0%         N/A       71%         3
 Inner Flame              Hex/Fire       0%         N/A       71%         3
 Freezing Cloud           Conj/Ice/Air   0%         6-21      100%        5
 Yara's Violent Unravell  Hex/Tmut       0%         3d3       100%        5
 Enfeeble                 Hex            0%         N/A       100%        7


Dungeon Overview and Level Annotations

Branches:
Dungeon (4/15)
 Temple: D:4-7

Altars:
Ru
Wu Jian

Shops:
D:1 **

Annotations:
D:4 Dowan


Innate Abilities, Weirdness & Mutations

You are a hulking beast.
Your limbs bulge with bestial killing power. (Slay +2)
You are too large for most types of armour.
You have tough skin. (AC +1)


Message History

Duvessa and Dowan come into view.
Duvessa is wielding a +0 short sword and wearing a +0 chain mail of cold resistance.
Dowan shouts!
Unknown command.
Duvessa shouts!
You barely miss Duvessa. Duvessa hits you with a +0 short sword!
You hit Duvessa.
Duvessa is poisoned.
Duvessa is lightly wounded.
Duvessa hits you with a +0 short sword.
You sock Duvessa!
Duvessa is heavily wounded.
Duvessa hits you with a +0 short sword.
Dowan says, "Magic and the sword, together, will defeat you."
Duvessa misses you.
You hit Duvessa.
Duvessa is severely wounded.
Duvessa hits you with a +0 short sword!
You sock Duvessa!
You kill Duvessa!
Dowan's eyes darken. "You have made a grave mistake."
Dowan seems to find hidden reserves of power!
Dowan casts a spell at you. The shard of ice hits you!!
* * * LOW HITPOINT WARNING * * *
Your Shields skill increases to level 1!
You have reached level 7!
You thump Dowan!
Dowan is heavily wounded.
Dowan hits you with a +0 dagger.
* * * LOW HITPOINT WARNING * * *
Dowan hits you with a +0 dagger.
* * * LOW HITPOINT WARNING * * *
Okay, then.
Okay, then.
You thump Dowan!
Dowan is almost dead.
Dowan hits you with a +0 dagger.
* * * LOW HITPOINT WARNING * * *
Dowan hits you with a +0 dagger.
You die...

.......†#.######..###
#......... ..###...#.#
##.#######.....###
..........#######.............#
.####...#.........#######.#.###
##...########.# #.#.#####
##...## #.# #........ ##.....##
#.# ###.#####
##.......#####.### #.#
#...........eh...# #.#
##.......#######)# #.#
##.....## #.#######.#
.e........## #....)....#
########.## ########### ###


You could see Dowan (fast).

Vanquished Creatures
  Duvessa (D:4)
  A sky beast (D:4)
  2 iguanas (D:4)
  An orc wizard (D:4)
  5 adders
  3 gnolls
  A worm (D:3)
  15 orcs
  4 bats
  6 endoplasms
  3 giant cockroaches
  3 goblins
  7 hobgoblins
  6 jackals
  3 ball pythons
  5 frilled lizards
  6 kobolds
  6 rats
78 creatures vanquished.

Notes
Turn   | Place    | Note
-------+----------+-------------------------------------------
     0 | D:1      | Shayle the Ogre Shapeshifter began the quest for the Orb.
     0 | D:1      | Reached XP level 1. HP: 19/19 MP: 1/1
   135 | D:1      | Reached XP level 2. HP: 23/28 MP: 2/2
   222 | D:1      | Found Zotilleucs's General Store.
   468 | D:1      | Reached XP level 3. HP: 33/35 MP: 3/3
   577 | D:1      | Found Viklauh's Assorted Antiques.
   585 | D:1      | Bought a scroll labelled EJAYJIPLUVVU for 30 gold pieces
   654 | D:1      | Found a sacrificial altar of Ru.
   847 | D:2      | Found a faded altar of an unknown god.
  1275 | D:3      | Reached XP level 4. HP: 42/44 MP: 4/4
  1744 | D:3      | Found a sacrificial altar of Ru.
  1949 | D:3      | Reached XP level 5. HP: 44/53 MP: 5/5
  2525 | D:4      | Noticed a sky beast
  2536 | D:4      | Killed a sky beast
  2537 | D:4      | Reached XP level 6. HP: 41/62 MP: 6/6
  2884 | D:4      | Identified the +11 mace of Guel {venom, rCorr Stlth+}
  3120 | D:4      | Found an ornate altar of the Wu Jian Council.
  3210 | D:4      | Noticed Duvessa
  3210 | D:4      | Noticed Dowan
  3230 | D:4      | Killed Duvessa
  3231 | D:4      | Reached skill level 1 in Shields
  3231 | D:4      | Reached XP level 7. HP: 17/71 MP: 7/7
  3232 | D:4      | Slain by Dowan

Illustrated notes

Levels and vault maps discovered:
D:1:      dpeg_arrival_water_altar, layout_rooms, serial_shops,
          nicolae_shop_pleasant_corner_grove, shop, kennysheep_minor_cross,
          minmay_tiny_reverse_x
D:2:      layout_rooms, ebering_ecumenical_altar_sacrificial
D:3:      layout_loops_cross, overflow_temple_1_default, minmay_puff
D:4:      layout_loops_ring, nzn_wu_jian_council_hall, uniq_duvessa

Skill      XL: |  1  2  3  4  5  6 |
---------------+-------------------+-----
Dodging        | 2 3 |  3.5
Fighting       | 2 3 4 |  4.5
Unarmed Combat | 3 4 |  4.1
Shapeshifting  | 4 |  4.1
Shields        | 1 |  1.2

Action                     |  1- 3 |  4- 6 |  7- 9 || total
---------------------------+-------+-------+-------++-------
  Melee: Unarmed           |    83 |   120 |       ||   203
         Punch             |       |     7 |       ||     7
         Mace              |       |    16 |     2 ||    18
  Evoke: Wand              |       |     3 |       ||     3
    Use: Potion            |       |     2 |       ||     2
   Stab: Sleeping          |       |     1 |       ||     1
 Armour: Animal skin       |    31 |    21 |       ||    52
         Skin              |       |     3 |       ||     3
  Dodge: Dodged            |    47 |    52 |       ||    99

Table legend: (Time is in decaauts)
 A = Elapsed time spent in this place.
 B = Non-inter-level travel time spent in this place.
 C = Inter-level travel time spent in this place.
 D = Time resting spent in this place.
 E = Time spent auto-exploring this place.
 F = Levels seen in this place.
 G = Mean time per level.
                   A        B        C        D        E       F      G
               +--------+--------+--------+--------+--------+-----+--------+
         Total |   3226 |   3167 |     59 |    325 |   1961 |   4 |  806.5 |
       Dungeon |   3226 |   3167 |     59 |    325 |   1961 |   4 |  806.5 |
               +--------+--------+--------+--------+--------+-----+--------+

Top non-repeatable levels by time:
     D:3: 1212 daAuts
     D:4: 742 daAuts
     D:1: 708 daAuts
     D:2: 563 daAuts
